 Dungeon Crawl Stone Soup version 0.28-a0-519-gbfeecf2fc5 (webtiles) character file.

Game seed: 18131676233873923012

25372 RepHenryClay the Basher (level 12, -1/91 HPs)
             Began as a Demonspawn Gladiator on Sept 23, 2021.
             Was the Champion of Cheibriados.
             Slain by a reaper (5 damage)
             ... in an ice cave.
             The game lasted 00:38:15 (20771 turns).

RepHenryClay the Basher (Demonspawn Gladiator)     Turns: 20771, Time: 00:38:16

Health: -1/91      AC: 24    Str: 33    XL:     12   Next: 88%
Magic:  19/19      EV: 18    Int: 25    God:    Cheibriados [******]
Gold:   880        SH:  0    Dex: 31    Spells: 11/11 levels left

rFire   . . .      SeeInvis .   b - +4 mace
rCold   + + .      Faith    .   (no shield)
rNeg    . . .      Spirit   .   i - +0 plate armour
rPois   .          Reflect  .   w - +1 helmet
rElec   .          Harm     .   A - scarf {rC+ rF+}
rCorr   .          Rampage  .   c - +1 pair of gloves
Will    .....                   T - +0 pair of boots
Stlth   ..........              (no amulet)
HPRegen 0.25/turn               s - +4 ring of protection
MPRegen 0.16/turn               t - ring of ice

@: mighty, agile, very slow
A: talons 2, ignite blood 1, powered by pain 1, sturdy frame 3
a: Renounce Religion, Bend Time, Temporal Distortion, Slouch, Step From Time


You were in an ice cave.
You worshipped Cheibriados.
Cheibriados was exalted by your worship.
You visited 2 branches of the dungeon, and saw 14 of its levels.
You also visited: Ice Cave.

You collected 1003 gold pieces.
You spent 123 gold pieces at shops.

Inventory:

Hand Weapons
 a - a +2 whip of venom
 b - a +4 mace (weapon)
 k - a +2 flail of draining
Missiles
 d - 9 throwing nets
 B - 21 poisoned darts (quivered)
 C - 9 javelins
Armour
 c - a +1 pair of gloves (worn)
 i - a +0 plate armour (worn)
 w - a +1 helmet (worn)
 A - a scarf of resistance (worn)
 T - a +0 pair of boots (worn)
Jewellery
 s - a +4 ring of protection (left hand)
 t - a ring of ice (right hand)
 F - a +4 ring of evasion
 M - a ring of ice
 P - an amulet of guardian spirit
 Q - a ring of willpower
 Y - a ring of ice
Wands
 o - a wand of acid (3)
 r - a wand of paralysis (8)
 z - a wand of digging (8)
 N - a wand of mindburst (6)
 S - a wand of polymorph (9)
 U - a wand of charming (5)
Scrolls
 g - 2 scrolls of summoning
 h - a scroll of holy word
 j - 4 scrolls of brand weapon
 q - a scroll of torment
 D - a scroll of fear
 E - 2 scrolls of amnesia
 G - a scroll of magic mapping
 J - 2 scrolls of identify {@r1}
 K - a scroll of acquirement {unknown}
 L - 3 scrolls of enchant weapon {unknown}
 O - a scroll of vulnerability {unknown}
 R - a scroll of fog {unknown}
 W - 4 scrolls of teleportation
 X - a scroll of enchant armour
Potions
 e - 7 potions of curing
 f - 3 potions of attraction
 l - a potion of experience {unknown}
 m - a potion of mutation
 n - 2 potions of lignification
 p - a potion of resistance
 x - 3 potions of brilliance {unknown}
 H - a potion of cancellation {unknown}
 I - 2 potions of berserk rage {unknown}


   Skills:
 + Level 7.5 Fighting
 - Level 12.2 Maces & Flails
 - Level 8.7 Throwing
 + Level 10.1 Armour
 + Level 3.3 Dodging
 - Level 10.1 Invocations


You had 11 spell levels left.
You didn't know any spells.
Your spell library contained the following spells:

 Spells                   Type           Power      Damage    Failure   Level
 Animate Skeleton         Necr           0%         N/A       30%         1
 Foxfire                  Conj/Fire      0%         2x1d4     30%         1
 Magic Dart               Conj           0%         1d3       30%         1
 Pain                     Necr           0%         1d4       30%         1
 Corpse Rot               Necr/Air       N/A        N/A       41%         2
 Ensorcelled Hibernation  Hex/Ice        0%         N/A       41%         2
 Poisonous Vapours        Pois/Air       0%         N/A       41%         2
 Slow                     Hex            0%         N/A       41%         2
 Confusing Touch          Hex            0%         N/A       65%         3
 Dazzling Flash           Conj/Hex       0%         N/A       65%         3
 Gell's Gravitas          Tloc           0%         N/A       65%         3
 Teleport Other           Tloc           0%         N/A       65%         3
 Tukima's Dance           Hex            0%         N/A       65%         3
 Vampiric Draining        Necr           0%         2d6       65%         3
 Passage of Golubria      Tloc           N/A        N/A       96%         4
 Agony                    Necr           0%         N/A       100%        5
 Excruciating Wounds      Necr           0%         N/A       100%        5
 Silence                  Hex/Air        0%         N/A       100%        5
 Dispersal                Tloc           0%         N/A       100%        6
 Lehudib's Crystal Spear  Conj/Erth      0%         10d2      100%        8


Dungeon Overview and Level Annotations

Branches:
Dungeon (12/15)            Temple (0/1) D:7            Lair (2/6) D:11
  Snake (0/4) Lair:2          Orc (0/2) D:9           IceCv (1/1)
  Swamp: Lair:2-4    Shoals: Lair:2-4

Altars:
Cheibriados
Gozag
Nemelex Xobeh
Ru
Sif Muna
Vehumet
Zin

Shops:
D:3 !*=   D:7 =

Portals:
Trove: D:10 (give 4 potions of resistance)

Annotations:
IceCv exclusion: 2 ice statues


Innate Abilities, Weirdness & Mutations

You have razor-sharp toenails.
Your demonic aura sometimes causes spilled blood to erupt in flames.
You sometimes gain a little power by taking damage.
Your movements are significantly less encumbered by armour. (ER -6)


Message History

You feel agile all of a sudden. The reaper freezes you. The reaper misses you.
Huge Dmg: -34%(-31hp) hp: 66%(60hp)
The reaper hits you but does no damage.
Aiming: Corrosive Bolt
Press: ? - help, Shift-Dir - straight line, f - reaper
Aim: a reaper, wielding a +1 scythe of freezing, wearing a +1 robe of cold resistance and wearing a ring of protection from cold (freezing vapour, 71% to hit)
The bolt of acid hits the reaper!
The reaper is lightly wounded.
The reaper shouts, "Die, RepHenryClay!"
The reaper hits you from afar with a +1 scythe of freezing!!
The reaper freezes you.
Huge Dmg: -23%(-21hp) hp: 43%(39hp)
You warp the flow of time around you!
Okay, then.
Unknown command.
Aiming: Corrosive Bolt
Press: ? - help, Shift-Dir - straight line, f/p - reaper
Aim: a reaper, wielding a +1 scythe of freezing, wearing a +1 robe of cold resistance and wearing a ring of protection from cold (freezing vapour, lightly wounded, 71% to hit)
The bolt of acid hits the reaper.
The reaper is lightly wounded.
You feel very mighty all of a sudden. The reaper hits you but does no damage.
The reaper hits you with a +1 scythe of freezing.
* * * LOW HITPOINT WARNING * * *
The reaper freezes you.
* * * LOW HITPOINT WARNING * * *
The reaper hits you with a +1 scythe of freezing!!
* * * LOW HITPOINT WARNING * * *
You focus on the pain.
You feel your power returning. The reaper freezes you.
* * * LOW HITPOINT WARNING * * *
Huge Dmg: -38%(-35hp) hp: 5%(4hp)
Okay, then.
Okay, then.
Okay, then.
Okay, then.
As you read the scroll of summoning, it crumbles to dust.
Wisps of shadow whirl around you...
The reaper hits you with a +1 scythe of freezing.
You die...

##...## .. ##..∩..## ###.#
#.......# .... #...∩...# ...
##.....## #.. ##...## ...#○..
##### ##...# # ##☼§#☼.###...##
#...#### .... §☼○#..2@.Z...##
#...###.
Z...##......##.Z....#####...#.#
.....##.....○###.............##
......#°.......#.....#≈≈≈##..#
......####..##.....#.≈≈≈.#..##
#.........##....####≈##...##
#...........### #####..####
##.........## ###8#....#8#
#...######≈≈≈# #..........#


You could see a reaper (ally target) and 2 friendly spriggan simulacra.

Vanquished Creatures
  Erica (D:8)
  3 two-headed ogres
  3 manticores
  An ugly thing (D:11)
  An elephant (D:11)
  A cyclops (D:12)
  Maurice (D:10)
  2 gargoyles
  5 cane toads (Lair:1)
  An unseen horror (D:11)
  Psyche (D:10)
  2 rime drakes (Lair:2)
  2 komodo dragons (Lair:1)
  6 ice devils (IceCv)
  A polar bear (Lair:1)
  2 trolls
  Prince Ribbit (D:7)
  Grinder (D:3)
  9 blink frogs (Lair:1)
  2 slime creatures (D:7)
  A vampire (D:12)
  Eustachio (D:3)
  2 shadows (D:10)
  31 yaks
  2 wyverns
  Grum (D:8)
  3 basilisks
  A steam dragon (D:10)
  A death yak simulacrum (IceCv)
  3 vampire mosquitoes (D:10)
  A harpy simulacrum (IceCv)
  3 water moccasins
  2 black bears (Lair:1)
  2 sky beasts (D:6)
  4 orc warriors
  2 ice beasts
  A hornet zombie (D:8)
  An ogre (D:6)
  8 wolves
  A centaur (D:9)
  6 bullfrogs
  4 gnoll sergeants (D:6)
  2 two-headed ogre simulacra (IceCv)
  A scorpion (D:4)
  A cane toad simulacrum (IceCv)
  A water moccasin zombie (D:5)
  3 killer bees (D:10)
  An elephant simulacrum (IceCv)
  6 wights
  5 howler monkeys
  A jelly (D:7)
  8 hounds
  3 centaur zombies
  A centaur skeleton (D:4)
  7 orc priests
  2 bullfrog skeletons
  4 gnoll shamans
  Ijyb (D:3)
  6 iguanas
  Natasha (D:2)
  20 orc wizards
  A scorpion zombie (D:5)
  4 hell rats (Lair:1)
  A troll simulacrum (IceCv)
  2 wolf simulacra (IceCv)
  A hound skeleton (D:4)
  Robin (D:4)
  2 howler monkey zombies
  31 gnolls
  2 naga simulacra (IceCv)
  3 adders
  2 white imps
  3 ufetubi
  3 worms
  6 dart slugs
  36 orcs
  4 endoplasms
  7 giant cockroaches
  15 goblins
  8 hobgoblins
  7 jackals
  4 quokkas
  11 ball pythons
  10 bats
  5 frilled lizards
  9 kobolds
  8 rats
387 creatures vanquished.

Vanquished Creatures (others)
  4 fungi
  7 plants
11 creatures vanquished.

Grand Total: 398 creatures vanquished

Notes
Turn   | Place    | Note
-------+----------+-------------------------------------------
     0 | D:1      | RepHenryClay the Demonspawn Gladiator began the quest for
                  | the Orb.
     0 | D:1      | Reached XP level 1. HP: 16/16 MP: 1/1
     3 | D:1      | Noticed an electric eel
     5 | D:1      | Noticed an electric eel
    39 | D:1      | Found a faded altar of an unknown god.
   264 | D:1      | Reached skill level 3 in Maces & Flails
   264 | D:1      | Gained mutation: You have sharp toenails. [demonic
                  | ancestry]
   264 | D:1      | Reached XP level 2. HP: 10/22 MP: 2/2
  1074 | D:1      | Reached skill level 1 in Armour
  1525 | D:2      | Gained mutation: Your movements are slightly less
                  | encumbered by armour. (ER -2) [demonic ancestry]
  1525 | D:2      | Reached XP level 3. HP: 17/27 MP: 3/3
  2336 | D:1      | Reached skill level 4 in Maces & Flails
  2517 | D:2      | Reached XP level 4. HP: 32/33 MP: 4/4
  2972 | D:2      | Found a snail-covered altar of Cheibriados.
  3075 | D:2      | Noticed Natasha
  3086 | D:2      | Killed Natasha
  3234 | D:2      | Became a worshipper of Cheibriados the Contemplative
  3254 | D:3      | Found Iwnacin's Distillery.
  3258 | D:3      | Bought a potion of curing for 42 gold pieces
  3258 | D:3      | Bought a potion of heal wounds for 70 gold pieces
  3405 | D:3      | Noticed Grinder
  3412 | D:3      | Paralysed by Grinder for 4 turns
  3436 | D:3      | Paralysed by Grinder for 5 turns
  3446 | D:3      | Killed Grinder
  3447 | D:3      | Reached skill level 5 in Maces & Flails
  3447 | D:3      | Gained mutation: You sometimes gain a little power by
                  | taking damage. [demonic ancestry]
  3447 | D:3      | Reached XP level 5. HP: 15/38 MP: 5/5
  3447 | D:3      | Reached XP level 6. HP: 18/44 MP: 6/6
  3640 | D:3      | Found Ifyaj's Jewellery Emporium.
  3874 | D:3      | Noticed Ijyb
  3877 | D:3      | Paralysed by Ijyb for 2 turns
  3884 | D:3      | Paralysed by Ijyb for 7 turns
  3888 | D:3      | Killed Ijyb
  3888 | D:3      | Reached * piety under Cheibriados
  4476 | D:3      | Found Emuodded's General Store.
  4486 | D:3      | Bought a potion of degeneration for 11 gold pieces
  4555 | D:4      | Noticed Eustachio
  4873 | D:4      | Reached skill level 6 in Maces & Flails
  5033 | D:3      | Killed Eustachio
  5034 | D:3      | Reached XP level 7. HP: 32/50 MP: 7/7
  5383 | D:4      | Noticed Robin
  5389 | D:4      | Killed Robin
  5391 | D:4      | Reached ** piety under Cheibriados
  5634 | D:4      | Reached skill level 7 in Maces & Flails
  6025 | D:5      | Entered Level 5 of the Dungeon
  6118 | D:4      | Gained mutation: Your movements are less encumbered by
                  | armour. (ER -4) [demonic ancestry]
  6118 | D:4      | Reached XP level 8. HP: 24/56 MP: 8/8
  6122 | D:4      | Reached *** piety under Cheibriados
  6470 | D:5      | Reached skill level 5 in Armour
  6545 | D:5      | Reached skill level 8 in Maces & Flails
  7573 | D:5      | Reached **** piety under Cheibriados
  7793 | D:5      | Reached skill level 9 in Maces & Flails
  7940 | D:6      | Found a sparkling altar of Nemelex Xobeh.
  8014 | D:6      | Gained mutation: Your movements are significantly less
                  | encumbered by armour. (ER -6) [demonic ancestry]
  8014 | D:6      | Reached XP level 9. HP: 33/61 MP: 9/9
  8184 | D:6      | Reached ***** piety under Cheibriados
  8589 | D:6      | Reached skill level 10 in Maces & Flails
  8672 | D:6      | Reached skill level 1 in Invocations
  9233 | D:7      | Reached skill level 5 in Invocations
  9599 | D:7      | You fall into a shaft and drop 2 floors!
  9599 | D:9      | Found an opulent altar of Gozag.
  9599 | D:9      | Found a shimmering blue altar of Sif Muna.
  9599 | D:9      | Found a radiant altar of Vehumet.
  9599 | D:9      | Found a sacrificial altar of Ru.
  9799 | D:9      | Found a staircase to the Orcish Mines.
  9817 | D:9      | Noticed a troll
  9825 | D:9      | Killed a troll
 10055 | D:8      | Noticed Prince Ribbit
 10102 | D:7      | Killed Prince Ribbit
 10103 | D:7      | Gained mutation: You have razor-sharp toenails. [demonic
                  | ancestry]
 10103 | D:7      | Reached XP level 10. HP: 31/67 MP: 16/16
 10384 | D:7      | Found a staircase to the Ecumenical Temple.
 10576 | D:7      | Found Tytyl's Jewellery Boutique.
 11090 | D:8      | Noticed Grum
 11107 | D:8      | Killed Grum
 11114 | D:8      | Reached skill level 10 in Invocations
 11195 | D:8      | Noticed Erica
 11206 | D:8      | Killed Erica
 12025 | D:8      | Noticed a two-headed ogre
 12036 | D:8      | Killed a two-headed ogre
 12307 | D:9      | Noticed a two-headed ogre
 12317 | D:9      | Killed a two-headed ogre
 12318 | D:9      | Reached skill level 11 in Maces & Flails
 12883 | D:10     | Entered Level 10 of the Dungeon
 12982 | D:10     | Found a portal to a secret trove of treasure.
 13054 | D:10     | Noticed Psyche
 13062 | D:10     | Killed Psyche
 13063 | D:10     | Reached XP level 11. HP: 72/72 MP: 18/18
 14037 | D:10     | Noticed Maurice
 14052 | D:10     | Killed Maurice
 14411 | D:11     | Reached skill level 12 in Maces & Flails
 14412 | D:11     | Reached ****** piety under Cheibriados
 15015 | D:11     | Noticed a two-headed ogre
 15363 | D:11     | Found a staircase to the Lair.
 15407 | D:11     | Killed a two-headed ogre
 15408 | D:11     | Reached skill level 5 in Fighting
 15494 | D:11     | Found a shimmering blue altar of Sif Muna.
 15501 | D:11     | Got Sif Muna's Almanac of Fire
 15503 | D:11     | Got Sif Muna's Tome of Unholy Secrets
 15505 | D:11     | Got Sif Muna's Collected Works on Confrontation
 15914 | D:12     | Noticed a brown ugly thing
 15933 | D:11     | Killed a brown ugly thing
 16201 | D:12     | Gained mutation: Your demonic aura sometimes causes spilled
                  | blood to erupt in flames. [demonic ancestry]
 16201 | D:12     | Reached XP level 12. HP: 37/89 MP: 19/19
 17519 | Lair:1   | Entered Level 1 of the Lair of Beasts
 17636 | Lair:1   | Reached skill level 5 in Throwing
 19659 | Lair:2   | Found a frozen archway.
 19780 | IceCv    | Entered an ice cave
 20317 | IceCv    | Reached skill level 10 in Armour
 20762 | IceCv    | Noticed a reaper
 20770 | IceCv    | HP: 4/91 [reaper (1)]
 20771 | IceCv    | Slain by a reaper

Illustrated notes

Levels and vault maps discovered:
D:1:      arrival_aquarium_b, layout_loops_corners,
          shapermc_ecumenical_altar_gd, minmay_misc_feat_roman, kennysheep_boxes
D:2:      layout_basic, basic_altar, palyth_stone_intersect,
          hangedman_decor_clover_reticule, minmay_misc_feat_rugged, uniq_natasha
D:3:      layout_loops_corners, serial_shops, shop, nicolae_lakefront_shop,
          shop, moated_statue, grunt_ministairs_2, minmay_pentangle, uniq_ijyb,
          uniq_grinder
D:4:      minmay_wonky_spiral, layout_rooms, uniq_eustachio, uniq_robin
D:5:      layout_loops_corners
D:6:      layout_cave_pools, marbit_many_paths, serial_gnoll_camp,
          gnoll_camp_mini_basic, gnoll_camp_mini_loothouse, gnoll_camp_mini_hut,
          gnoll_camp_mini_house, gnoll_camp_huts_moat
D:7:      layout_loops_ring, minmay_temple_entry_proselytizer, serial_shops,
          shop
D:8:      layout_cave_pods, kennysheep_small_square, uniq_erica,
          uniq_prince_ribbit1, uniq_grum
D:9:      layout_roguey, grunt_temple_overflow_open, orc_0_dummy
D:10:     layout_loops_corners, enter_trove_6, uniq_psyche, uniq_maurice
D:11:     layout_rooms, david_lair_generic, nicolae_sif_muna_little_library
D:12:     layout_grid_maze
Lair:1:   layout_long_grid, lemuel_fruit_fields, infiniplex_staircase_pool,
          grunt_megastairs_4
Lair:2:   layout_gridlike, guppyfry_snake_entry_garden, portal_ice_cave_rime,
          uniq_gastronok
IceCv:    ice_cave_small_demon

Skill      XL: |  1  2  3  4  5  6  7  8  9 10 11 12 |
---------------+-------------------------------------+-----
Maces & Flails | 3 4 5 6 7 9 10 11 12 | 12.2
Armour         | 1 3 4 6 8 9 10 | 10.1
Invocations    | 8 10 | 10.1
Fighting       | 6 7 |  7.5
Throwing       | 8 |  8.7
Dodging        | 3 |  3.3

Action                   |  1- 3 |  4- 6 |  7- 9 | 10-12 || total
-------------------------+-------+-------+-------+-------++-------
Melee: Flail             |    95 |       |     5 |       ||   100
       Kick              |    15 |    46 |   251 |   162 ||   474
       Whip              |    18 |   134 |   441 |   705 ||  1298
       Mace              |       |       |     8 |   227 ||   235
Throw: Throwing net      |     1 |     3 |       |       ||     4
       Dart              |       |       |       |    17 ||    17
Invok: Bend Time         |       |       |       |     3 ||     3
       Temporal Distorti |       |       |       |     1 ||     1
Evoke: Wand              |       |     1 |       |    23 ||    24
  Use: Scroll            |       |     4 |     8 |    10 ||    22
       Potion            |       |     3 |       |     5 ||     8
 Stab: Sleeping          |     2 |     2 |     2 |       ||     6
       Held in net/web   |       |     1 |       |       ||     1
       Paralysed         |       |     2 |       |       ||     2
Armor: Leather armour    |    37 |    25 |    23 |       ||    85
       Chain mail        |       |       |    35 |       ||    35
       Plate armour      |       |       |   124 |   359 ||   483
       Skin              |       |       |       |    16 ||    16
Dodge: Dodged            |    72 |    78 |   222 |   409 ||   781

Table legend: (Time is in decaauts)
 A = Elapsed time spent in this place.
 B = Non-inter-level travel time spent in this place.
 C = Inter-level travel time spent in this place.
 D = Time resting spent in this place.
 E = Time spent auto-exploring this place.
 F = Levels seen in this place.
 G = Mean time per level.
                   A        B        C        D        E       F      G
               +--------+--------+--------+--------+--------+-----+--------+
         Total |  26873 |  25223 |   1650 |   6236 |  14858 |  15 | 1791.5 |
       Dungeon |  23068 |  21560 |   1508 |   5173 |  13030 |  12 | 1922.3 |
          Lair |   2669 |   2528 |    141 |    464 |   1667 |   2 | 1334.5 |
      Ice Cave |   1135 |   1135 |      0 |    599 |    160 |   1 | 1135.0 |
               +--------+--------+--------+--------+--------+-----+--------+

Top non-repeatable levels by time:
    D:10: 2567 daAuts
     D:5: 2426 daAuts
  Lair:1: 2392 daAuts
    D:11: 2358 daAuts
     D:6: 2076 daAuts
     D:3: 1982 daAuts
     D:1: 1929 daAuts
     D:8: 1875 daAuts
    D:12: 1741 daAuts
     D:7: 1736 daAuts
     D:9: 1519 daAuts
     D:4: 1503 daAuts
     D:2: 1349 daAuts
   IceCv: 1135 daAuts
  Lair:2: 277 daAuts
